 Dungeon Crawl Stone Soup version 0.25.1-2-g60ff931df9 (webtiles) character file.

Game seed: 8945467569604657108

164767 Acheron the Severer (level 18, -17/121 HPs)
             Began as a Halfling Fighter on Sept 17, 2020.
             Was a High Priest of Okawaru.
             Demolished by an alligator snapping turtle (33 damage)
             ... on level 4 of the Shoals on Sept 18, 2020.
             The game lasted 04:13:36 (33701 turns).

Acheron the Severer (Halfling Fighter)             Turns: 33701, Time: 04:13:36

Health: -17/121    AC: 34    Str: 18    XL:     18   Next: 19%
Magic:  19/25      EV: 26    Int: 15    God:    Okawaru [*****.]
Gold:   1256       SH: 21    Dex: 20    Spells: 27/27 levels left

rFire    + + .     SeeInvis .   w - +6 war axe (elec)
rCold    + . .     Gourm    .   c - +0 kite shield
rNeg     + + .     Faith    .   H - quicksilver dragon scales
rPois    +         Spirit   .   o - +2 helmet
rElec    +         Reflect  +   E - +3 cloak of Giutofoch {rC+}
rCorr    .         Harm     .   U - +2 pair of gloves {Dex+3}
MR       +++..                  K - +2 pair of boots
Stlth    +++++.....             Y - amulet "Gaepra Yginu" {Reflect rPois Int+4 SH+5}
HPRegen  0.30/turn              b - ring "Esol" {rElec rPois rN++ Int-3 Stlth-}
MPRegen  0.19/turn              a - ring "Tidi" {rPois rF++ MR+ AC+4 Int+4}

@: heroism, finesse, hasted, very quick
A: small, mutation resistance 1
}: 1/15 runes: gossamer
a: Heroism, Finesse, Renounce Religion


You were on level 4 of the Shoals.
You worshipped Okawaru.
Okawaru was extremely pleased with you.
You were not hungry.

You visited 6 branches of the dungeon, and saw 31 of its levels.
You visited the Abyss 1 time.
You also visited: Ossuary.

You collected 2209 gold pieces.
You spent 953 gold pieces at shops.

Inventory:

Hand Weapons
 h - a +4 scimitar of flaming
 k - a +2 vorpal hunting sling
 q - a +2 trident of protection
 s - a +3 mace of freezing
 w - a +6 war axe of electrocution (weapon)
 B - a +2 falchion of holy wrath
 J - the +3 hand axe of Doom {drain, rElec rC+}
   (Okawaru gifted it to you on level 14 of the Dungeon)

   A truly terrible weapon, it drains the life of those it strikes.
   It protects you from cold.
   It insulates you from electricity.
Missiles
 l - 32 boomerangs (quivered)
 r - 187 sling bullets
 x - 7 silver boomerangs
 N - 5 boomerangs of dispersal
Armour
 c - a +0 kite shield (worn)
 o - a +2 helmet (worn)
 E - the +3 cloak of Giutofoch (worn) {rC+}
   (Okawaru gifted it to you on level 2 of the Shoals)

   It protects you from cold.
 F - a scarf of repulsion
 H - quicksilver dragon scales (worn)
 K - a +2 pair of boots (worn)
 U - a +2 pair of gloves of dexterity (worn)
Jewellery
 a - the ring "Tidi" (right hand) {rPois rF++ MR+ AC+4 Int+4}
   (You found it on level 6 of the Lair of Beasts)

   [ring of protection]

   It affects your AC (+4).
   It affects your intelligence (+4).
   It greatly protects you from fire.
   It protects you from poison.
   It affects your resistance to hostile enchantments.
 b - the ring "Esol" (left hand) {rElec rPois rN++ Int-3 Stlth-}
   (You bought it in a shop on level 10 of the Dungeon)

   [ring of attention]

   It affects your intelligence (-3).
   It insulates you from electricity.
   It protects you from poison.
   It greatly protects you from negative energy.
   It makes you less stealthy.
 Y - the amulet "Gaepra Yginu" (around neck) {Reflect rPois Int+4 SH+5}
   (You bought it in a shop on level 10 of the Dungeon)

   [amulet of reflection]

   It shields you and reflects attacks.
   It affects your intelligence (+4).
   It protects you from poison.
   It affects your SH (+5).
Wands
 u - a wand of enslavement (11)
 v - a wand of digging (23)
 y - a wand of clouds (21)
 A - a wand of paralysis (7)
 I - a wand of flame (24)
 M - a wand of iceblast (46)
 W - a wand of disintegration (1)
 X - a wand of polymorph (13)
Scrolls
 g - 4 scrolls of magic mapping
 i - a scroll of fear
 C - 12 scrolls of remove curse
 D - 5 scrolls of teleportation
 G - 8 scrolls of immolation
 Q - 6 scrolls of identify
 R - a scroll of fog
Potions
 d - 4 potions of might
 j - 6 potions of flight
 m - 8 potions of curing
 n - 6 potions of stabbing
 p - 7 potions of mutation
 t - 3 potions of haste
 S - a potion of invisibility
Miscellaneous
 e - a phial of floods
 V - a box of beasts
Comestibles
 f - 22 rations


   Skills:
 * Level 10.2(15.2) Fighting
   Level 5.2(10.2) Short Blades
 * Level 15.3(20.5) Axes
 + Level 3.9(15.2) Maces & Flails
 + Level 8.4(14.4) Slings
 + Level 4.5(10.9) Throwing
 + Level 9.7(14.7) Armour
 * Level 10.1(15.1) Dodging
 * Level 11.0(16.0) Stealth
 * Level 12.3(17.3) Shields
 + Level 5.0 Spellcasting
 * Level 9.5 Invocations
 * Level 9.2 Evocations


You had 27 spell levels left.
You didn't know any spells.
Your spell library contained the following spells:

 Spells                   Type           Power        Failure   Level  Hunger
 Beastly Appendage        Tmut           #.....       32%         1    None
 Sticks to Snakes         Tmut           #.......     45%         2    ##.....
 Spider Form              Tmut/Pois      #.........   69%         3    ###....
 Ice Form                 Ice/Tmut       #.......     97%         4    ####...
 Blade Hands              Tmut           #.........   100%        5    ######.
 Metabolic Englaciation   Hex/Ice        #.........   100%        5    ######.
 Freezing Cloud           Conj/Ice/Air   #.........   100%        6    #######
 Ozocubu's Refrigeration  Ice            #.........   100%        6    #######
 Simulacrum               Ice/Necr       #.........   100%        6    #######


Dungeon Overview and Level Annotations

Branches:
Dungeon (15/15)            Temple (1/1) D:5            Lair (6/6) D:11
 Shoals (4/4) Lair:3       Spider (4/4) Lair:4        Slime (0/5) Lair:6
    Orc (1/2) D:11         Vaults (0/5) D:14        Ossuary (visited)
 Depths: D:15

Altars:
Ashenzari
Cheibriados
Dithmenos
Elyvilon
Fedhas
Gozag
Hepliaklqana
Kikubaaqudgha
Makhleb
Nemelex Xobeh
Okawaru
Qazlal
Ru
Trog
Uskayaw
Vehumet
Wu Jian
Xom
Yredelemnul
Zin
The Shining One
Beogh

Shops:
D:6 :   D:9 (   D:10 =   Shoals:3 }?(

Portals:
Trove: D:13 (give +3 ice dragon scales)

Annotations:
D:11 exclusion: upstairs
D:12 exclusion: downstairs
D:13 exclusion: downstairs
D:14 3 runed translucent doors, exclusion: 3 downstairs
Lair:4 exclusion: downstairs
Lair:5 exclusion: downstairs
Shoals:2 exclusions: downstairs and 2 more exclusions
Shoals:4 exclusion: upstairs
Spider:4 1 runed translucent door, Ygopip's ghost, adept FoFi


Innate Abilities, Weirdness & Mutations

You are small and have problems with some larger weapons.
You are somewhat resistant to further mutation.


Message History

The alligator snapping turtle is lightly wounded.
The alligator snapping turtle bites you!!
You slash the alligator snapping turtle!
The alligator snapping turtle is lightly wounded.
The alligator snapping turtle bites you!!
You hit the alligator snapping turtle but do no damage.
The alligator snapping turtle is lightly wounded.
You hit the alligator snapping turtle but do no damage.
The alligator snapping turtle is lightly wounded.
A cyclops comes into view.
The alligator snapping turtle bites you!!
* * * LOW HITPOINT WARNING * * *
You can now deal lightning-fast blows.
The cyclops hits the plant!!
The alligator snapping turtle misses you.
You feel yourself speed up.
You hit the alligator snapping turtle but do no damage.
The alligator snapping turtle is lightly wounded.
The alligator snapping turtle bites you!!
You die...

≈≈≈≈≈≈≈≈≈≈≈≈≈≈≈≈≈≈≈≈.≈≈≈≈≈≈≈≈≈≈,
≈≈≈≈≈≈≈≈≈≈≈≈≈≈...≈≈≈≈≈≈≈≈≈≈≈≈≈,,
≈≈≈≈≈≈≈≈≈≈≈......≈≈.≈≈≈≈≈≈≈≈≈,,,
≈≈≈≈≈≈≈≈≈≈≈..........≈≈≈≈≈≈.,,,,
≈≈≈≈≈≈≈≈≈≈≈...........≈≈≈≈.,,,,*
≈≈≈≈≈≈≈≈≈≈≈.........≈≈≈.≈.,,,,**
≈≈≈≈≈≈≈≈≈≈≈≈........≈≈...,,,,,*,
≈≈≈≈≈≈≈≈≈≈≈......$......≈≈,,,,*,
≈≈≈≈≈≈≈≈≈≈≈..Pt@........,,,,,,*,
≈≈≈≈≈≈≈≈≈≈≈##C##......(.,,,,,,**
≈≈≈≈≈≈≈≈≈≈##..,##.......,,,,,,,*
≈≈≈≈≈≈≈≈≈≈#≈≈.,,*.......,,,,,,,,
≈≈≈≈≈≈≈≈≈≈#≈≈),,*..?....,,,,,,,,
≈≈≈≈≈≈≈≈≈≈#≈..,,*.......,,,,,,,,
≈≈≈≈≈≈≈≈≈≈##..,**......#,,,,,,,,
≈≈≈≈≈≈≈≈≈≈≈*****≈......#*,,,,,,,
≈≈≈≈≈≈≈≈≈≈,,,,≈≈≈P..!...,,,,,,,,


You could see an alligator snapping turtle and a cyclops.

Vanquished Creatures
  A tentacled starspawn (Abyss:4)
  A ghost moth (Spider:4)
  9 emperor scorpions
  An entropy weaver (Spider:2)
  Azrael (Spider:3)
  A dire elephant (Lair:6)
  2 merfolk javelineers (Shoals:2)
  2 merfolk impalers
  6 hydras
  8 vault guards (D:14)
  3 merfolk avatars
  2 catoblepae (Lair:6)
  5 two-headed ogres
  A merfolk aquamancer (Shoals:3)
  A satyr (Shoals:3)
  2 centaur warriors
  An alligator snapping turtle (Shoals:4)
  A tengu warrior (D:14)
  9 death yaks (Lair:6)
  2 thrashing horrors (Abyss:4)
  A wretched star (Abyss:4)
  4 large abominations (Abyss:4)
  4 sea snakes
  A wizard (D:14)
  A lindwurm (Lair:6)
  A glowing orange brain (Abyss:4)
  An unseen horror (D:12)
  15 wolf spiders
  A harpy (Shoals:1)
  19 orb spiders
  A cyclops (Shoals:3)
  10 fauns
  5 ugly things
  2 moths of wrath
  8 manticores
  2 merfolk sirens
  11 elephants
  Joseph (Lair:1)
  3 torpor snails (Spider:1)
  3 water nymphs
  2 apocalypse crabs (Abyss:4)
  A centaur skeleton (D:13)
  3 black mambas (Lair:6)
  11 spiny frogs
  A kobold demonologist (D:13)
  6 rime drakes
  An efreet (Abyss:4)
  7 komodo dragons
  7 demonic crawlers
  2 trolls
  13 merfolk
  28 jumping spiders
  Prince Ribbit (D:7)
  A polar bear (Lair:3)
  5 hornets
  4 raiju (Abyss:4)
  5 slime creatures (D:12)
  2 wind drakes
  8 dream sheep
  7 hippogriffs
  14 blink frogs
  5 snapping turtles
  5 water elementals
  90 redbacks
  6 wyverns
  29 tarantellas
  A vampire (D:13)
  A human (D:11)
  52 yaks
  4 fire elementals (Spider:3)
  4 hogs (D:11)
  3 basilisks
  5 vampire mosquitoes
  3 hell hounds (Spider:3)
  5 water moccasins
  10 porcupines
  A black bear (D:9)
  3 orc warriors
  An ice beast (D:11)
  3 sky beasts
  2 eyes of draining
  3 phantoms
  8 ogres
  17 wolves
  6 centaurs
  6 big kobolds
  3 crocodiles
  13 bullfrogs
  A gnoll sergeant (D:11)
  4 water moccasin zombies (Ossuary)
  2 scorpions
  11 killer bees
  10 wights
  A howler monkey (D:5)
  2 electric eels
  4 centaur zombies
  2 crimson imps
  7 starcursed masses (Abyss:4)
  9 hounds
  A bullfrog zombie (D:12)
  3 jellies
  An orc priest (D:9)
  10 orc wizards
  3 bullfrog skeletons
  An iguana (D:4)
  A hell rat (Lair:6)
  10 worker ants
  2 big kobold zombies (Ossuary)
  A hound zombie (D:6)
  A hound skeleton (D:8)
  3 mummies
  12 gnolls
  7 adders
  An ooze (D:3)
  4 adder zombies (Ossuary)
  5 worms
  3 dart slugs
  6 leopard geckos
  48 orcs
  3 ball pythons
  8 giant cockroaches
  A gnoll zombie (Ossuary)
  10 goblins
  5 hobgoblins
  11 jackals
  27 kobolds
  8 quokkas
  13 bats
  7 frilled lizards
  A giant cockroach zombie (D:6)
  A goblin zombie (D:5)
  5 hobgoblin zombies
  3 kobold zombies (Ossuary)
  A leopard gecko skeleton (D:4)
  A leopard gecko zombie (D:6)
  7 orc zombies (Ossuary)
  7 rats
  A bush (Lair:4)
  2 fungi
  2 plants (Shoals:2)
  A starspawn tentacle (Abyss:4)
872 creatures vanquished.

Vanquished Creatures (others)
  2 manticores
  A golden eye (Abyss:4)
  A catoblepas simulacrum (Abyss:4)
  A kobold (D:10)
  20 fungi
  A lurking horror (Abyss:4)
  25 plants
  2 starspawn tentacles (Abyss:4)
53 creatures vanquished.

Grand Total: 925 creatures vanquished

Notes
Turn   | Place    | Note
-------+----------+-------------------------------------------
     0 | D:1      | Acheron the Halfling Fighter began the quest for the Orb.
     0 | D:1      | Reached XP level 1. HP: 15/15 MP: 1/1
   125 | D:1      | Reached XP level 2. HP: 10/20 MP: 2/2
   673 | D:1      | Reached XP level 3. HP: 25/25 MP: 3/3
  1261 | D:3      | Reached XP level 4. HP: 29/31 MP: 4/4
  1282 | D:3      | Reached skill level 1 in Dodging
  1442 | D:3      | Found a shattered altar of Ashenzari.
  1465 | D:3      | Reached skill level 1 in Stealth
  1723 | D:3      | Noticed an angel
  1724 | D:3      | Found a glowing silver altar of Zin.
  1770 | D:2      | Reached skill level 3 in Axes
  1820 | D:2      | Reached XP level 5. HP: 33/36 MP: 5/5
  2043 | D:2      | Found a glowing golden altar of the Shining One.
  3476 | D:4      | Found a bloodstained altar of Trog.
  3536 | D:4      | Reached XP level 6. HP: 42/42 MP: 6/6
  3551 | D:4      | Found a stormy altar of Qazlal.
  3668 | D:4      | Noticed an ogre
  3678 | D:4      | Killed an ogre
  3678 | D:4      | Reached skill level 4 in Axes
  3765 | D:4      | Reached skill level 1 in Spellcasting
  3766 | D:4      | Reached XP level 7. HP: 39/46 MP: 6/9
  3906 | D:4      | Found a sparkling altar of Nemelex Xobeh.
  4129 | D:5      | Entered Level 5 of the Dungeon
  4308 | D:5      | Found a white marble altar of Elyvilon.
  4495 | D:5      | Found a staircase to the Ecumenical Temple.
  4541 | D:5      | Found a sand-covered staircase.
  4548 | Ossuary  | Entered an ossuary
  4560 | Ossuary  | Reached skill level 5 in Armour
  4560 | Ossuary  | Reached XP level 8. HP: 53/53 MP: 10/10
  4708 | Ossuary  | Reached skill level 5 in Axes
  5165 | D:5      | Found a radiant altar of Vehumet.
  5169 | Temple   | Entered the Ecumenical Temple
  5233 | Temple   | Became a worshipper of Warmaster Okawaru
  5466 | D:6      | Reached skill level 1 in Evocations
  5486 | D:6      | Found Jinluapn's Book Shop.
  5589 | D:6      | Reached skill level 1 in Invocations
  5589 | D:6      | Reached XP level 9. HP: 58/58 MP: 12/12
  5653 | D:8      | Reached skill level 5 in Shields
  6184 | D:8      | Found a radiant altar of Vehumet.
  6189 | D:8      | Reached * piety under Okawaru
  6756 | D:10     | Entered Level 10 of the Dungeon
  6966 | D:10     | Found Vuxtil's Jewellery Shoppe.
  7121 | D:9      | Reached skill level 6 in Axes
  7150 | D:9      | Found Ydghouwe's Antique Weapon Boutique.
  7229 | D:9      | Reached ** piety under Okawaru
  7234 | D:9      | Reached skill level 5 in Stealth
  7234 | D:9      | Reached XP level 10. HP: 53/65 MP: 4/14
  7253 | D:9      | Reached skill level 5 in Fighting
  7471 | D:9      | Reached skill level 7 in Axes
  7698 | D:9      | Found a roughly hewn altar of Beogh.
  7983 | D:10     | Noticed a two-headed ogre
  8005 | D:10     | Reached skill level 5 in Dodging
  8604 | D:11     | Reached *** piety under Okawaru
  8615 | D:11     | Noticed a manticore
  8623 | D:11     | Killed a manticore
  8777 | D:11     | Noticed a manticore
  8777 | D:11     | Noticed a seven-headed hydra
  8777 | D:11     | Noticed an orb spider
  8778 | D:11     | Noticed a two-headed ogre
  8788 | D:11     | Noticed a cyclops
  8788 | D:11     | Noticed a wolf spider
  8865 | D:11     | Reached **** piety under Okawaru
  8865 | D:11     | Reached XP level 11. HP: 62/72 MP: 16/16
  8886 | D:11     | Found a staircase to the Orcish Mines.
  8915 | Orc:1    | Entered Level 1 of the Orcish Mines
  8918 | Orc:1    | Noticed an orc sorcerer
  9004 | D:11     | Noticed a four-headed hydra
  9073 | D:11     | Found a staircase to the Lair.
  9093 | D:11     | Noticed a green ugly thing
  9102 | D:11     | Killed a green ugly thing
  9197 | D:11     | Reached skill level 8 in Axes
  9238 | D:11     | Reached ***** piety under Okawaru
  9557 | Lair:1   | Entered Level 1 of the Lair of Beasts
  9863 | Lair:4   | Received a gift from Okawaru
 10173 | Lair:4   | Found a hole to the Spider Nest.
 10368 | Lair:4   | Reached skill level 9 in Axes
 10679 | Lair:4   | Reached skill level 5 in Invocations
 10917 | Lair:4   | Reached XP level 12. HP: 43/79 MP: 16/18
 10920 | Lair:4   | Reached skill level 5 in Evocations
 11183 | Lair:4   | Received a gift from Okawaru
 11516 | Lair:4   | Reached skill level 1 in Short Blades
 11516 | Lair:4   | Reached skill level 1 in Throwing
 11761 | Lair:5   | Noticed a six-headed hydra
 11813 | Lair:5   | Found a basalt altar of Yredelemnul.
 11889 | Lair:6   | Entered Level 6 of the Lair of Beasts
 11928 | Lair:6   | Found a staircase to the Slime Pits.
 11981 | Lair:6   | Noticed a catoblepas
 11983 | Lair:6   | Noticed a catoblepas
 12248 | Lair:5   | You fall into a shaft and drop 1 floor!
 12249 | Lair:6   | Noticed a death yak
 12249 | Lair:6   | Noticed a four-headed hydra
 12265 | Lair:6   | Reached skill level 10 in Axes
 12332 | Lair:6   | Noticed a dire elephant
 12332 | Lair:6   | Noticed a death yak
 12332 | Lair:6   | Noticed a death yak
 12401 | Lair:6   | Noticed a five-headed hydra
 12662 | Lair:6   | Killed a catoblepas
 13048 | Lair:6   | Noticed a six-headed hydra
 13123 | Lair:5   | Received a gift from Okawaru
 13242 | Lair:5   | Reached XP level 13. HP: 73/85 MP: 17/20
 14205 | Lair:3   | Found a staircase to the Shoals.
 14553 | Lair:3   | Reached skill level 5 in Spellcasting
 14704 | D:10     | Bought the amulet "Gaepra Yginu" {Reflect rPois Int+4 SH+5}
                  | for 595 gold pieces
 15152 | D:7      | Reached skill level 11 in Axes
 15251 | D:7      | Noticed Prince Ribbit
 15539 | D:7      | Killed Prince Ribbit
 15962 | D:6      | Reached skill level 1 in Slings
 18565 | D:13     | Reached XP level 14. HP: 92/92 MP: 21/21
 18788 | D:14     | Found a gate to the Vaults.
 18827 | D:14     | Reached skill level 5 in Short Blades
 18827 | D:14     | Reached skill level 12 in Axes
 18828 | D:14     | Received a gift from Okawaru
 19161 | D:14     | Got a translucent hand axe {god gift}
 19162 | D:14     | Identified the +3 hand axe of Doom {drain, rElec rC+}
                  | (Okawaru gifted it to you on level 14 of the Dungeon)
 19311 | D:14     | Found a runed translucent gate.
 19311 | D:14     | Found a runed translucent gate.
 19311 | D:14     | Found a runed translucent gate.
 19642 | D:10     | Bought the ring "Esol" {rElec rPois rN++ Int-3 Stlth-} for
                  | 358 gold pieces
 19763 | D:13     | Found a portal to a secret trove of treasure.
 19794 | D:14     | Found a shadowy altar of Dithmenos.
 20097 | D:14     | Got a bloodstained robe
 20098 | D:14     | Identified the +0 robe of Bitterness {Int+5} (You found it
                  | on level 14 of the Dungeon)
 20146 | D:15     | Entered Level 15 of the Dungeon
 21045 | D:11     | Received a gift from Okawaru
 21189 | Lair:1   | Noticed Joseph
 21422 | Lair:1   | Reached skill level 5 in Slings
 21492 | Lair:1   | Killed Joseph
 22863 | Lair:5   | Reached XP level 15. HP: 93/99 MP: 20/22
 23427 | Lair:6   | Reached skill level 1 in Maces & Flails
 24010 | Lair:6   | Reached skill level 13 in Axes
 24018 | Lair:6   | Received a gift from Okawaru
 24343 | Lair:6   | Got a distressingly furry chain mail
 24344 | Lair:6   | Identified the +1 chain mail "Dusesuz" {-Tele +Inv Regen+
                  | Dex-4} (You found it on level 6 of the Lair of Beasts)
 24402 | Lair:6   | Received a gift from Okawaru
 24444 | Lair:6   | Got a wavering platinum ring
 24445 | Lair:6   | Identified the ring "Tidi" {rPois rF++ MR+ AC+4 Int+4} (You
                  | found it on level 6 of the Lair of Beasts)
 24485 | Lair:6   | Cast into level 4 of the Abyss (unwielding a weapon of
                  | distortion)
 24521 | Abyss:4  | Noticed a red very ugly thing
 24979 | Abyss:4  | Paralysed by accursed screaming for 1 turns
 25019 | Abyss:4  | Noticed a tentacled starspawn
 25028 | Abyss:4  | Killed a tentacled starspawn
 25039 | Lair:6   | Escaped the Abyss
 25607 | Spider:1 | Entered Level 1 of the Spider Nest
 25624 | Spider:1 | Noticed an emperor scorpion
 25646 | Spider:1 | Received a gift from Okawaru
 25662 | Spider:1 | Killed an emperor scorpion
 25869 | Spider:2 | Reached XP level 16. HP: 106/106 MP: 23/23
 25974 | Spider:4 | Entered Level 4 of the Spider Nest
 25974 | Spider:4 | Found a runed translucent door.
 25975 | Spider:4 | Found a shimmering altar of Xom.
 25975 | Spider:4 | Noticed Ygopip's ghost (adept FoFi)
 26079 | Spider:4 | Reached skill level 10 in Shields
 26629 | Spider:4 | Received a gift from Okawaru
 26629 | Spider:4 | Reached skill level 10 in Stealth
 26978 | Spider:4 | Received a gift from Okawaru
 27194 | Spider:4 | Reached skill level 14 in Axes
 27516 | Spider:3 | Noticed Azrael
 27531 | Spider:3 | Killed Azrael
 28423 | Spider:4 | Reached XP level 17. HP: 76/113 MP: 18/24
 28629 | Spider:4 | Got a gossamer rune of Zot
 29317 | Spider:2 | Received a gift from Okawaru
 30749 | Shoals:1 | Entered Level 1 of the Shoals
 31396 | Shoals:2 | Received a gift from Okawaru
 31401 | Shoals:2 | Got a smoking cloak {god gift}
 31419 | Shoals:2 | Identified the +3 cloak of Giutofoch {rC+} (Okawaru gifted
                  | it to you on level 2 of the Shoals)
 31944 | Shoals:3 | Found Ydaasal's Gadget Boutique.
 32048 | Shoals:2 | Reached skill level 15 in Axes
 32060 | Shoals:2 | Reached skill level 10 in Fighting
 32399 | Shoals:3 | Found Quvap's Magic Scroll Shop.
 32448 | Shoals:3 | Reached skill level 10 in Dodging
 32730 | Shoals:3 | Reached XP level 18. HP: 110/120 MP: 25/25
 33001 | Shoals:3 | Found Raditon's Weapon Emporium.
 33150 | Shoals:4 | Entered Level 4 of the Shoals
 33701 | Shoals:4 | Demolished by an alligator snapping turtle

Illustrated notes

Levels and vault maps discovered:
D:1:      dpeg_arrival_simpleton_c, layout_basic
D:2:      minmay_inner_zag, layout_basic, nicolae_tso_swordbearing_angel,
          minmay_heptomino_l4
D:3:      layout_rooms, zin_angel, nicolae_ashenzari_panopticon
D:4:      layout_basic, nicolae_overflow_hidden_temple, lemuel_doored_altar,
          kennysheep_mini, lemuel_crystal_altar
D:5:      layout_rooms, elyvilon_altar_3, temple_statues, first_ration,
          nicolae_ossuary_entry_giza, basic_altar
D:6:      layout_loops_corners, serial_shops,
          nicolae_shop_temple_entry_statues_fountains
D:7:      layout_rooms, uniq_prince_ribbit1
D:8:      layout_basic, lemuel_coloured_pillars_altar
D:9:      layout_basic, special_room [special_room_orc], serial_shops,
          nicolae_shop_waterfront
D:10:     layout_irregular_city, serial_shops, nicolae_shop_statue_plus
D:11:     layout_roguey, lair_entry_dummy, serial_rivers,
          chequers_serial_rivers_micro_e, chequers_serial_rivers_micro_e,
          chequers_serial_rivers_room_b, chequers_serial_rivers_small_3,
          chequers_serial_rivers_micro_b, grunt_livestock, chequers_arboretum,
          minivault_12
D:12:     layout_irregular_city, disabler_island
D:13:     layout_roguey, nicolae_trove_entry_path_of_doom
D:14:     layout_irregular_city, erik_vaults_2, gammafunk_ghost_icy,
          grunt_dithmenos_smoke
D:15:     gammafunk_depths_entry_grave, layout_cave_pools, columned_hall_lemuel
Temple:   dshaligram_water_room_temple
Lair:1:   layout_cellular_growth, grunt_megastairs_5, uniq_joseph
Lair:2:   layout_loops_ring
Lair:3:   layout_cave_shapes, elwin_shoals_entry_rocks, serial_bayou_ford_a,
          eino_small_chamber_without_monster, beast_lair_carwin_6
Lair:4:   layout_long_grid, nicolae_spider_entry_tight_spaces, serial_forest,
          infiniplex_forest_clump_diagonal, infiniplex_forest_lined_3_way,
          infiniplex_forest_lined_room_, infiniplex_forest_clump_long,
          infiniplex_forest_end_double, infiniplex_forest_lined_4_way,
          infiniplex_forest_straight_4, infiniplex_forest_straight_1,
          infiniplex_forest_straight_2
Lair:5:   beast_lair_carwin_large_3, layout_misc_corridors, basic_altar,
          minivault_26
Lair:6:   hangedman_lair_in_review, layout_loops_ring, slime_dummy
Shoals:1: layout_shoals
Shoals:2: layout_shoals
Shoals:3: layout_shoals, serial_shops, nicolae_shop_waterfront,
          nicolae_shop_statue_plus, shop, shop_statue,
          nicolae_shoals_drake_roost
Shoals:4: shoals_end_simple, layout_shoals
Spider:1: layout_spider_delve
Spider:2: layout_spider_delve, hangedman_spider_tarantella_strand
Spider:3: layout_spider_delve, uniq_azrael
Spider:4: grunt_spider_rune_circles, ebering_ghost_xom
Orc:1:    layout_caves

Skill      XL: |  1  2  3  4  5  6  7  8  9 10 11 12 13 14 15 16 17 18 |
---------------+-------------------------------------------------------+-----
Fighting       | 3 4 5 6 7 8 9 10 | 10.2
Dodging        | 1 2 3 4 5 6 7 8 9 10 | 10.1
Stealth        | 1 2 3 4 5 6 7 8 9 10 11 | 11.0
Shields        | 4 5 6 7 8 9 10 12 | 12.3
Axes           | 3 4 5 6 7 9 10 11 12 13 14 15 | 15.3
Armour         | 4 5 6 7 8 9 |  9.7
Spellcasting   | 1 2 3 4 5 |  5.0
Evocations     | 1 2 3 4 5 6 7 8 9 |  9.2
Invocations    | 1 2 4 5 6 7 8 9 |  9.5
Short Blades   | 2 4 5 |  5.2
Throwing       | 2 3 4 |  4.5
Slings         | 2 5 7 8 |  8.4
Maces & Flails | 2 3 |  3.9

Action                   |  1- 3 |  4- 6 |  7- 9 | 10-12 | 13-15 | 16-18 || total
-------------------------+-------+-------+-------+-------+-------+-------++-------
Melee: War axe           |   106 |   197 |   251 |   481 |   733 |  1025 ||  2793
       Hand axe          |       |       |       |       |   226 |       ||   226
       Mace              |       |       |       |       |    81 |       ||    81
 Fire: Hunting sling     |       |     2 |       |       |       |       ||     2
Throw: Dart              |       |     2 |     2 |    19 |    22 |       ||    45
       Stone             |       |       |     1 |       |     7 |       ||     8
       Boomerang         |       |       |       |       |    67 |   114 ||   181
Invok: Heroism           |       |       |     1 |    16 |    53 |    24 ||    94
       Finesse           |       |       |       |       |     4 |     5 ||     9
Evoke: Wand              |       |       |       |       |       |    14 ||    14
  Use: Scroll            |       |    12 |     7 |     4 |    13 |    13 ||    49
       Potion            |       |       |       |     7 |     3 |     8 ||    18
 Stab: Sleeping          |       |       |     1 |     5 |    15 |    12 ||    33
       Distracted        |       |       |       |     1 |     6 |     3 ||    10
       Petrified         |       |       |       |     1 |       |       ||     1
       Held in net/web   |       |       |       |       |       |     1 ||     1
  Eat: Chunk             |     1 |     5 |     3 |    10 |    21 |    12 ||    52
       Ration            |       |     1 |     3 |     3 |     5 |     5 ||    17
Armor: Scale mail        |    51 |    65 |    66 |    90 |    93 |       ||   365
       Ring mail         |       |       |       |       |    79 |   171 ||   250
       Quicksilver drago |       |       |       |       |       |    77 ||    77
Dodge: Dodged            |    43 |    78 |    74 |   162 |   395 |   623 ||  1375
       Repelled          |       |       |       |       |     7 |     7 ||    14
Block: Kite shield       |    81 |   125 |   125 |   358 |   656 |  1007 ||  2352
       Reflection        |       |       |     4 |     9 |    16 |    41 ||    70
